[Event "Live Chess"]
[Site "Chess.com"]
[Date "2023.05.20"]
[Round "-"]
[White "vinni3012"]
[Black "akp42"]
[Result "1-0"]
[WhiteElo "1880"]
[BlackElo "1958"]
[TimeControl "300"]
[EndTime "9:30:09 PDT"]
[Termination "vinni3012 won by checkmate"]

1. d4 Nf6 2. c4 e6 3. Nc3 Bb4 4. Qc2 O-O 5. Nf3 b6 6. a3 Be7 7. e4 Bb7 8. e5 Ne8 9. Bd3 h6 10. Be4 Bxe4 11. Qxe4 Nc6 12. b4 f5 13. Qc2 d6 14. b5 Na5 15. Ne2 d5 16. c5 Nc4 17.
Nd2 Nxd2 18. Bxd2 a6 19. Nf4 Qd7 20. cxb6 cxb6 21. Qc6 Qxc6 22. bxc6 Nc7 23. Ng6 Rfe8 24. Nxe7+ Rxe7 25. Bb4 Ree8 26. a4 Kf7 27. Bd6 Rec8 28.
Kd2 g5 29. Rhb1 b5 30. Bxc7 Rxc7 31. axb5 a5 32. Rc1 Rb8 33. Rxa5 Rb6 34. Rc5 f4 35. Ra6 Rxa6 36. bxa6 Ke7 37. a7 Rc8 38. Kc3 Kd8 39.
Kb4 Kc7 40. Ka5 Ra8 41. Ka6 h5 42. Rb5 g4 43. Rb7+ Kxc6 44. Rb8 Rxb8 45. axb8=Q f3 46. Qd6# 1-0

[Event "Live Chess"]
[Site "Chess.com"]
[Date "2023.05.20"]
[Round "-"]
[White "MarkLim1"]
[Black "boilerboy1"]
[Result "0-1"]
[WhiteElo "1600"]
[BlackElo "1079"]
[TimeControl "300"]
[EndTime "9:30:17 PDT"]
[Termination "boilerboy1 won by checkmate"]

1. d4 Nf6 2. Nf3 g6 3. c4 Bg7 4.
Nc3 O-O 5. e4 c5 6. d5 d6 7. Be2 Nbd7 8. O-O a6 9. Rb1 Rb8 10. a3 b5 11. cxb5 axb5 12. Bxb5 Nb6 13. Bg5 c4 14. Nd4 Bb7 15. Bc6 Qc7 16. Bxb7 Qxb7 17.
Nc6 Ra8 18. f4 Na4 19. Nxa4 Rxa4 20. Qxa4 Qb6+ 21. Kh1 Nxe4 22. Nxe7+ Kh8 23. Qc2 Nxg5 24.
fxg5 Qe3 25. Qxc4 Qxe7 26. h4 h6 27. gxh6 Bxh6 28. Qf4 Bxf4 29. Rxf4 Qe5 30. Rbf1 Kg7 31. b4 Qxd5 32. a4 Qh5 33. a5 g5 34. Rf5 Qxh4+ 35. Kg1 f6 36. b5 Qb4 37. a6 Qd4+ 38. Kh1 Qh4+ 39. Kg1 Rf7 40. b6 Qd4+ 41. Kh1 Qxb6 42. Ra1 Qa7 43. Rd5 Rd7 44. Kh2 Kg6 45. Kg3 Qe3+ 46. Kh2 Qf4+ 47. Kh1 Qe3 48. a7 Rxa7 49.
Rxa7 Qxa7 50. Rxd6 Qa1+ 51. Kh2 Qe5+ 52. Kh1 Qxd6 53.
Kg1 Kf5 54. Kf2 Kf4 55. g3+ Kg4 56. Ke3 Qe5+ 57. Kd3 Qxg3+ 58. Ke4 Qe5+ 59. Kd3 f5 60. Kc4 Qe4+ 61. Kc5 f4 62. Kd6 f3 63. Kd7 f2 64. Kd6 f1=Q 65. Kc5 Qc1+ 66. Kd6 Qef4+ 67. Kd5 Qcc4# 0-1

[Event "Live Chess"]
[Site "Chess.com"]
[Date "2023.05.20"]
[Round "-"]
[White "OceanFloater"]
[Black "Pandreq"]
[Result "1-0"]
[WhiteElo "983"]
[BlackElo "1258"]
[TimeControl "300"]
[EndTime "9:30:17 PDT"]
[Termination "OceanFloater won by resignation"]

1. e4 Nf6 2. Nf3 Nxe4 3. d3 Nf6 4. Bg5 e6 5. Nc3 Be7 6. d4 d5 7. Ne5 Nbd7 8. Bb5 c6 9. Ba4 b5 10. Bb3 Nxe5 11. dxe5 Nd7 12. Bxe7 Qxe7 13. Qe2 Qg5 14. O-O Qxe5 15. Qxe5 Nxe5 16. f4 Nc4 17. Bxc4 bxc4 18. Na4 Ba6 19. Nc5 Bb5 20. a4 c3 21. axb5 cxb2 22. Rab1 cxb5 23. Rxb2 a6 24. f5 O-O 25. fxe6 fxe6 26. Rxf8+ Rxf8 27. Nxe6 Re8 28. Nc7 Re2 29.
Nxa6 d4 30. Nc5 Kf7 31. Kf1 Rd2 32. Ne4 Rd1+ 33. Ke2 Ra1 34. Rxb5 Ra2 35. Kd3 h6 36. h4 Kg6 37. g4 Ra4 38. Nc5 Ra2 39. Nb3 Ra3 40. Rb4 Ra1 41. Rxd4 Rg1 42. c4 Rg3+ 43. Kc2 Rh3 44. Rd6+ Kh7 45. h5 Rg3 46. Rd4 Rg2+ 47. Kc3 Rg3+ 48. Kb4 g5 49. c5 Re3 50. c6 Re8 51. c7 Rc8 52. Rc4 Kg7 53. Nd4 Kf7 54. Nf5 Ke6 55. Kb5 Kd7 56. Kb6 1-0

[Event "Live Chess"]
[Site "Chess.com"]
[Date "2023.05.20"]
[Round "-"]
[White "LiamBellwood"]
[Black "JashonTOGM"]
[Result "1-0"]
[WhiteElo "2106"]
[BlackElo "1079"]
[TimeControl "300"]
[EndTime "9:30:18 PDT"]
[Termination "LiamBellwood won by checkmate"]

1. d4 d5 2. Nc3 Nf6 3. Bf4 Nc6 4. Nb5 e5 5. Bxe5 Nxe5 6. dxe5 Nd7 7. Qxd5 Bb4+ 8. c3 Ba5 9. Nf3 O-O 10. Qd1 Re8 11.
e3 Nxe5 12. Nxe5 Rxe5 13. Qxd8+ Re8 14. Qxe8# 1-0

[Event "Live Chess"]
[Site "Chess.com"]
[Date "2023.05.20"]
[Round "-"]
[White "Brooms1989"]
[Black "guptarayan"]
[Result "1-0"]
[WhiteElo "950"]
[BlackElo "584"]
[TimeControl "300"]
[EndTime "9:30:21 PDT"]
[Termination "Brooms1989 won by checkmate"]

1. e4 e5 2. Nc3 f5 3. exf5 d5 4.
Qh5+ Ke7 5. Nf3 e4 6. Nd4 Nf6 7. Qh4 c5 8. Ne6 Bxe6 9. fxe6 Kxe6 10. Qh3+ Ke7 11. Be2 d4 12. Na4 b5 13. Nxc5 Ke8 14. Bxb5+ Kf7 15. Qe6+ Kg6 16. Nxe4 a6 17. Nxf6 Qxf6 18.
Qe4+ Qf5 19. Qxa8 axb5 20. Qxb8 Qxc2 21. Qg3+ Kf7 22. Qb3+ Qxb3 23. axb3 Bc5 24. O-O Bd6 25. Ra7+ Kg6 26. d3 Re8 27. g3 Re2 28. Ra6 Re6 29. Bf4 Kf6 30. Rxd6 Rxd6 31. Bxd6 Ke6 32. Bf4 Kf5 33. Re1 g5 34. Re5+ Kg4 35. Rxg5+ Kf3 36. Rxb5 h5 37. Rd5 h4 38. gxh4 Ke2 39. Rxd4 Kf3 40.
h5 Kg4 41. h6 Kh3 42. h7 Kh4 43.
Bb8+ Kh5 44. h8=Q+ Kg5 45. Qe5+ Kg6 46. Rd6+ Kh7 47. Qe7+ Kg8 48. Rd8# 1-0

[Event "Live Chess"]
[Site "Chess.com"]
[Date "2023.05.20"]
[Round "-"]
[White "daniel9395"]
[Black "Balu13"]
[Result "0-1"]
[WhiteElo "436"]
[BlackElo "835"]
[TimeControl "300"]
[EndTime "9:30:22 PDT"]
[Termination "Balu13 won on time"]

1. d4 d5 2. Nf3 Nf6 3. e3 Bf5 4. Bd3 Bxd3 5. cxd3 Nc6 6. Nc3 e6 7. e4 Bb4 8. a3 Bxc3+ 9. bxc3 b6 10. a4 a5 11. Ng5 e5 12. dxe5 Nxe5 13. d4 Nc4 14.
e5 Ne4 15. Nxe4 dxe4 16. O-O f5 17. f3 e3 18. Qd3 Nxe5 19. Qxf5 Nc4 20. Qd3 Qd5 21.
Bxe3 O-O-O 22. Rab1 Nxe3 23. Qxe3 Rhe8 24. Qd3 g6 25. Rb5 Qa2 26. Rbb1 Kb7 27. f4 Re2 28. Qf3+ Ka7 29. Rbe1 Rde8 30. Rxe2 Rxe2 31. Rf2 Qa1+ 0-1

[Event "Live Chess"]
[Site "Chess.com"]
[Date "2023.05.20"]
[Round "-"]
[White "YrrriKharkiv"]
[Black "seuen"]
[Result "1-0"]
[WhiteElo "2142"]
[BlackElo "1142"]
[TimeControl "300"]
[EndTime "9:30:23 PDT"]
[Termination "YrrriKharkiv won by resignation"]

1. d4 Nf6 2. Nf3 g6 3. c4 Bg7 4. Nc3 d5 5. Qb3 c6 6. Bg5 O-O 7. Bxf6 Bxf6 8. cxd5 cxd5 9. Qxd5 Qxd5 10. Nxd5 Bg7 11.
Nxe7+ Kh8 12. Nd5 Nc6 13. e3 Be6 14. Nc7 Rac8 15. Nxe6 fxe6 16. Rc1 Rc7 17. Bd3 Rfc8 18. Kd2 a6 19. Rc2 Nb4 20. Rxc7 Rxc7 21. a3 Nd5 22.
Rc1 Rf7 23. Rc8+ Bf8 24. Ke2 Kg7 25. Ne5 Rc7 26. Rxc7+ Nxc7 27. Be4 b6 28. Nd7 b5 29. Nxf8 Kxf8 30. f4 h6 31. Bxg6 Kg7 32. Be4 Kf6 33. g4 Ne8 34. h4 Nc7 35. g5+ hxg5 36. hxg5+ Kg7 37. Kf3 a5 38. Kg4 b4 39. axb4 axb4 40. Bc6 Na8 41. Bxa8 1-0

[Event "Live Chess"]
[Site "Chess.com"]
[Date "2023.05.20"]
[Round "-"]
[White "Singapourfeuj"]
[Black "domrobson"]
[Result "0-1"]
[WhiteElo "2290"]
[BlackElo "1741"]
[TimeControl "300"]
[EndTime "9:30:25 PDT"]
[Termination "domrobson won by resignation"]

1. d4 Nf6 2. Nf3 e6 3. g3 d5 4. Bg2 c6 5. O-O Bd6 6. c4 Nbd7 7. Nc3 O-O 8. b3 b6 9. Bg5 Be7 10. Qc2 Bb7 11. Bxf6 Nxf6 12. Ne5 Rc8 13. cxd5 cxd5 14. Qd3 a5 15. Rac1 Nd7 16. Nb5 Nxe5 17. dxe5 Rc5 18.
Nd4 Qd7 19. e3 Rfc8 20. Qd2 Ba6 21. Rfd1 R8c7 22. f4 Qc8 23. Rxc5 Rxc5 24. f5 Rc3 25.
fxe6 fxe6 26. Nxe6 Rd3 27. Qxd3 Bxd3 28. Rxd3 Qc1+ 29.
Bf1 Bc5 30. Nxc5 Qxc5 31. a4 Kf8 32. Bg2 Qc1+ 33. Bf1 Ke7 34. h4 Ke6 35. Kg2 Qc2+ 36. Kg1 Kxe5 37. Rd4 Qxb3 38. Bg2 Qxe3+ 0-1

[Event "Live Chess"]
[Site "Chess.com"]
[Date "2023.05.20"]
[Round "-"]
[White "McSlash1"]
[Black "seabuck"]
[Result "1-0"]
[WhiteElo "2071"]
[BlackElo "1824"]
[TimeControl "300"]
[EndTime "9:30:27 PDT"]
[Termination "McSlash1 won by checkmate"]

1. e4 e6 2. d4 d5 3. Nd2 c5 4.
dxc5 Bxc5 5. Bd3 Nc6 6. c3 Nf6 7. Qe2 O-O 8. Ngf3 dxe4 9. Nxe4 Be7 10. O-O b6 11. Nxf6+ Bxf6 12. Qe4 g6 13. Qxc6 Qxd3 14. Qxa8 Ba6 15. Qxf8+ Kxf8 16. Bh6+ Ke7 17. Rfd1 Qc2 18. Rd2 Qf5 19. Rad1 Bb5 20. Rd8 g5 21. Bf8# 1-0

[Event "Live Chess"]
[Site "Chess.com"]
[Date "2023.05.20"]
[Round "-"]
[White "fgreen"]
[Black "defenderalist"]
[Result "1/2-1/2"]
[WhiteElo "1509"]
[BlackElo "1592"]
[TimeControl "300"]
[EndTime "9:30:39 PDT"]
[Termination "Game drawn by repetition"]

1. d4 Nf6 2. Bg5 e6 3. e3 Be7 4. Nf3 d5 5. c4 O-O 6. Nc3 h6 7.
Bxf6 Bxf6 8. Bd3 dxc4 9. Bxc4 b6 10. O-O Bb7 11. Re1 Nd7 12. e4 c5 13. d5 exd5 14.
Nxd5 Bxb2 15. Rb1 Bf6 16. Qb3 Ne5 17. Nxe5 Bxe5 18. Rbd1 Bxd5 19. Bxd5 Qh4 20. Bxa8 Qxh2+ 21. Kf1 Rxa8 22. Rd7 Qh1+ 23. Ke2 Qxg2 24. Qxf7+ Kh8 25. Red1 Qxe4+ 26. Kf1 Qh1+ 27. Ke2 Qe4+ 28. Kf1 Qh1+ 29. Ke2 Qe4+ 1/2-1/2

[Event "Live Chess"]
[Site "Chess.com"]
[Date "2023.05.20"]
[Round "-"]
[White "LL220284LL"]
[Black "apl_trainer"]
[Result "1-0"]
[WhiteElo "2407"]
[BlackElo "1521"]
[TimeControl "300"]
[EndTime "9:30:43 PDT"]
[Termination "LL220284LL won on time"]

1. g3 c5 2. Bg2 Nc6 3. b3 d5 4.
Bb2 e5 5. e3 f6 6. d3 Be6 7. Nd2 Qd7 8. h3 Nge7 9. Ne2 Nc8 10. f4 Bd6 11. g4 O-O 12. O-O Nb6 13.
Qe1 d4 14. e4 exf4 15. Nxf4 Bf7 16. a4 Qc7 17. Ne2 Nd7 18. Nc4 Nde5 19. Nxd6 Qxd6 20. Bc1 Nb4 21. Qd1 Ng6 22. Nf4 Qe7 23. Nxg6 hxg6 24. Bf4 g5 25. Bg3 Nc6 26. Qd2 Ne5 27. Rf2 Rac8 28. Raf1 Bg6 29. Qe2 b6 30. h4 gxh4 31. Bxh4 a6 32. Bh3 Qd7 33. Kh2 Qd6 34. Bg3 Rc7 35. g5 Rcf7 36. gxf6 Rxf6 37. Rxf6 Rxf6 38.
Rxf6 Qxf6 39. Bc8 Nf3+ 40. Kg2 Bh5 41. Qf2 Qg5 42. Bxa6 Bg4 43. Bc4+ Kh7 44. Qf1 Qh5 45. Qh1 Kg6 46. Qxh5+ Kxh5 47. Bc7 Ne1+ 48. Kg3 1-0

[Event "Live Chess"]
[Site "Chess.com"]
[Date "2023.05.20"]
[Round "-"]
[White "LaupMiths"]
[Black "Ferrarifan27"]
[Result "1-0"]
[WhiteElo "1825"]
[BlackElo "2107"]
[TimeControl "300"]
[EndTime "9:30:45 PDT"]
[Termination "LaupMiths won on time"]

1. Nf3 d5 2. d4 Nf6 3. g3 e6 4.
Bg2 Be7 5. O-O O-O 6. b3 c6 7. Bb2 Nbd7 8. c4 b6 9. Nbd2 Bb7 10. Qc2 Rc8 11. Rfe1 b5 12. c5 Qa5 13. e4 dxe4 14.
Nxe4 Nxe4 15. Qxe4 Nf6 16. Qe5 Nd5 17. a3 Bf6 18.
Qe4 b4 19. a4 Ba6 20. Rac1 Qc7 21. Nd2 g6 22. Nc4 Bxc4 23. bxc4 Ne7 24. Bh3 a5 25. Re3 Nf5 26. Rf3 Bg7 27. g4 Ne7 28. Rd1 Rcd8 29. Bc1 Qd7 30. Rfd3 Rfe8 31. Bf4 Nc8 32. Bg2 Na7 33. Be5 f6 34. Bd6 f5 35. Qf4 fxg4 36.
h3 gxh3 37. Rxh3 Nc8 38. Qh4 Nxd6 39. Qxh7+ Kf8 40. cxd6 Bf6 41. Qxg6 Qg7 42. Qxg7+ Kxg7 43. c5 Rb8 44. Bxc6 Rh8 45. Rxh8 Kxh8 46. Bb5 b3 47. Rb1 Bxd4 48. c6 Rg8+ 49. Kf1 Rf8 50. Rxb3 Bxf2 51. Ke2 Bc5 52. Rd3 Bb6 53. Rg3 Rd8 54. d7 Bc7 55.
Rg4 e5 56. Kd3 Kh7 57. Ke4 Kh8 58. Kd5 Rf8 59. Ke6 Bd8 60. Kxe5 Bc7+ 61. Ke6 Bd8 62. Kd5 Rf6 63. Re4 Rf5+ 64. Kc4 Rf8 65. Re8 Kg7 66. Rxf8 Kxf8 67. Kd5 Bc7 68. Ke6 1-0

[Event "Live Chess"]
[Site "Chess.com"]
[Date "2023.05.20"]
[Round "-"]
[White "onemoretime1975"]
[Black "KING_BOBBB"]
[Result "1-0"]
[WhiteElo "1970"]
[BlackElo "543"]
[TimeControl "300"]
[EndTime "9:30:48 PDT"]
[Termination "onemoretime1975 won by resignation"]

1. e4 d5 2. exd5 Qxd5 3. Nf3 Qa5 4. c3 Qa6 5. Bxa6 bxa6 6. d4 c5 7. O-O Nc6 8. dxc5 Bf5 9. Nd4 e6 10. Nxc6 Nf6 11. Qa4 Bd6 1-0

[Event "Live Chess"]
[Site "Chess.com"]
[Date "2023.05.20"]
[Round "-"]
[White "BearFromUkraine"]
[Black "SirEntrails"]
[Result "1-0"]
[WhiteElo "1193"]
[BlackElo "504"]
[TimeControl "300"]
[EndTime "9:30:50 PDT"]
[Termination "BearFromUkraine won by checkmate"]

1. e4 d5 2. exd5 Nf6 3. Nc3 Nxd5 4. Nxd5 Qxd5 5. Nf3 Qe4+ 6. Be2 Bg4 7. O-O Bxf3 8.
Bxf3 Qg6 9. d3 Nc6 10. b3 O-O-O 11. Qd2 b6 12. Be4 Qg4 13. Bxc6 e6 14. Bb2 f6 15. Rfe1 e5 16. Qe2 Qh4 17. d4 exd4 18. Qa6+ Kb8 19.
Qb7# 1-0

[Event "Live Chess"]
[Site "Chess.com"]
[Date "2023.05.20"]
[Round "-"]
[White "MaximKhimchenko"]
[Black "thrithik"]
[Result "1-0"]
[WhiteElo "1378"]
[BlackElo "488"]
[TimeControl "300"]
[EndTime "9:30:52 PDT"]
[Termination "MaximKhimchenko won by checkmate"]

1. e4 Nf6 2. e5 d6 3. exf6 exf6 4.
Nf3 Qe7+ 5. Be2 Qe5 6. O-O Qh5 7. Nd4 Be7 8. Bxh5 g5 9. Re1 Rg8 10. Qe2 Rg6 11. Qxe7# 1-0

[Event "Live Chess"]
[Site "Chess.com"]
[Date "2023.05.20"]
[Round "-"]
[White "Bob2pen"]
[Black "ZackirtyChess"]
[Result "1-0"]
[WhiteElo "1817"]
[BlackElo "1147"]
[TimeControl "300"]
[EndTime "9:30:55 PDT"]
[Termination "Bob2pen won by checkmate"]

1. c4 e5 2. g3 Nc6 3. Bg2 Nf6 4. Nc3 Bb4 5. Nf3 d5 6. cxd5 Nxd5 7. O-O Nxc3 8. bxc3 Bc5 9. a4 e4 10. Ne1 e3 11. fxe3 Bxe3+ 12. Kh1 Be6 13. Nd3 Bb6 14. Ba3 Qd7 15. Nf4 O-O-O 16. d4 Bc4 17. Qc2 Na5 18. Bb4 Bb3 19. Qe4 Bxa4 20. Bxa5 Bxa5 21. Qxb7# 1-0

[Event "Live Chess"]
[Site "Chess.com"]
[Date "2023.05.20"]
[Round "-"]
[White "JackCheetham1"]
[Black "martinsmartin63"]
[Result "1-0"]
[WhiteElo "1707"]
[BlackElo "760"]
[TimeControl "300"]
[EndTime "9:31:18 PDT"]
[Termination "JackCheetham1 won by resignation"]

1. e4 e5 2. Nf3 Nc6 3. Bb5 d6 4. c3 Bd7 5. d3 Be7 6. h3 Nf6 7. O-O a6 8. Ba4 d5 9. exd5 Nxd5 10. Bb3 Nf6 11. Re1 O-O 12. Bg5 Na5 13. Nxe5 Nxb3 14.
Qxb3 Be6 15. Qc2 Re8 16. d4 Nd5 17. Bxe7 Qxe7 18. Nd2 Qg5 19. Ndf3 Qh5 20. Qe4 Bxh3 21. gxh3 Nf6 22. Qf4 Rxe5 23. Rxe5 Qxh3 24. Qg3 Qxg3+ 25. fxg3 c6 26. Rae1 h6 27. Re7 b5 28. Ne5 c5 29.
Nxf7 cxd4 30. cxd4 Rc8 31. R1e2 Rc1+ 32. Kg2 Rc4 33.
Rd2 b4 34. d5 a5 35. d6 Rc7 36. dxc7 1-0

[Event "Live Chess"]
[Site "Chess.com"]
[Date "2023.05.20"]
[Round "-"]
[White "hello505050"]
[Black "Nico14021974"]
[Result "1-0"]
[WhiteElo "1075"]
[BlackElo "788"]
[TimeControl "300"]
[EndTime "9:31:20 PDT"]
[Termination "hello505050 won by checkmate"]

1. e4 e5 2. Nf3 d6 3. Bc4 Nc6 4. d3 Nf6 5. Ng5 Be7 6. Nxf7 Rf8 7. Nxd8 Kxd8 8. Bg5 h6 9. Bxf6 Bxf6 10. Nc3 Re8 11. Bf7 Rf8 12. Bd5 Re8 13. Bxc6 bxc6 14.
d4 exd4 15. Ne2 Rb8 16. Nxd4 c5 17. Nf5 c6 18. Qxd6+ Bd7 19. Qxb8+ Bc8 20. O-O-O+ Bd4 21. Nxd4 cxd4 22. Rxd4+ Ke7 23. Qxa7+ Kf8 24. Qc5+ Kf7 25. Qxc6 Bd7 26. Qd5+ Ke7 27. Qxd7+ Kf8 28. e5 g5 29. e6 h5 30. Qf7# 1-0

[Event "Live Chess"]
[Site "Chess.com"]
[Date "2023.05.20"]
[Round "-"]
[White "Vedant-1411"]
[Black "YF22Raptor"]
[Result "1-0"]
[WhiteElo "871"]
[BlackElo "1010"]
[TimeControl "300"]
[EndTime "9:31:33 PDT"]
[Termination "Vedant-1411 won by checkmate"]

1. d4 c6 2. Nf3 d5 3. Nc3 Nf6 4. Bf4 Bg4 5. e3 Bxf3 6. Qxf3 e6 7. Bd3 c5 8. dxc5 Bxc5 9. O-O O-O 10. Qg3 Nc6 11.
Bh6 Nh5 12. Qg4 g6 13. Bxf8 Qxf8 14. Na4 Bd6 15. Be2 Nf6 16. Qf3 Qg7 17. c4 Ne5 18.
Qg3 Nxc4 19. Qf3 Nd2 20. Qh3 Nxf1 21. Rxf1 Ne4 22. Bd3 Nd2 23. Rd1 Ne4 24. Bxe4 Bxh2+ 25. Qxh2 dxe4 26. Qf4 f5 27. Nc5 e5 28. Qg5 h6 29.
Qh4 b6 30. Ne6 Qf7 31. Nd8 Qxa2 32. Qxh6 Qxb2 33. Qxg6+ Kh8 34. Nf7# 1-0

[Event "Live Chess"]
[Site "Chess.com"]
[Date "2023.05.20"]
[Round "-"]
[White "Enhard"]
[Black "flyingpuffins"]
[Result "0-1"]
[WhiteElo "1386"]
[BlackElo "1984"]
[TimeControl "300"]
[EndTime "9:31:46 PDT"]
[Termination "flyingpuffins won by resignation"]

1. d4 d5 2. Bf4 Nf6 3. e3 c5 4.
c3 Nc6 5. Nf3 Qb6 6. Qb3 c4 7.
Qxb6 axb6 8. Nbd2 b5 9. Be2 b4 10. O-O Bf5 11. cxb4 Nxb4 12. a3 Nd3 13. Ra2 e6 14. Ne5 Bb4 15. Nb1 Ke7 16. Nc3 Bxc3 17. bxc3 Ra4 18. h3 Rha8 19. Rfa1 Nxf4 20. exf4 Ne4 21.
Rc1 Rxa3 22. Rxa3 Rxa3 23. g4 Rxc3 24. Rxc3 Nxc3 25. Bf3 Be4 26. Kf1 Bxf3 27. Nxf3 b5 28. Ke1 b4 29. Kd2 Ne4+ 30. Ke2 b3 31. Nd2 b2 32. Nb1 Kd6 33. f3 Nf6 34. Kd2 h5 35. g5 Nh7 36. Kc3 f6 37. Kxb2 fxg5 38. fxg5 Nxg5 39.
Nd2 Nxh3 40. Kc3 Nf4 41. Nf1 e5 42. dxe5+ Kxe5 43. Ng3 h4 44. Nh1 g5 45. Nf2 h3 46.
Ng4+ Kf5 47. Kd4 0-1

[Event "Live Chess"]
[Site "Chess.com"]
[Date "2023.05.20"]
[Round "-"]
[White "JackRudd"]
[Black "ossie57"]
[Result "1-0"]
[WhiteElo "2424"]
[BlackElo "1852"]
[TimeControl "300"]
[EndTime "9:31:47 PDT"]
[Termination "JackRudd won by resignation"]

1. d4 d5 2. c4 c6 3. Nf3 Nf6 4. Qc2 g6 5. Nbd2 Bg7 6. e3 O-O 7. Bd3 dxc4 8. Nxc4 Bg4 9. Bd2 Bxf3 10. gxf3 b5 11. Ne5 Qd5 12. a4 Nbd7 13. Nxc6 Qxf3 14. Nxe7+ Kh8 15. Rf1 Rfe8 16. Nc6 Ng4 17. Be2 Qh3 18.
axb5 Nxh2 19. Rg1 Nf3+ 20. Bxf3 Qxf3 21. Qd1 Qxc6 22. bxc6 1-0

[Event "Live Chess"]
[Site "Chess.com"]
[Date "2023.05.20"]
[Round "-"]
[White "risinghelios"]
[Black "LodeshChess"]
[Result "1-0"]
[WhiteElo "1954"]
[BlackElo "874"]
[TimeControl "300"]
[EndTime "9:31:49 PDT"]
[Termination "risinghelios won by resignation"]

1. e4 c6 2. d4 d5 3. exd5 cxd5 4. Nf3 Bg4 5. c3 Bxf3 6. Qxf3 Nf6 7. Bb5+ Nc6 8. Bf4 e6 9. O-O Bd6 10. Bxd6 Qxd6 11. Nd2 a6 12. Bxc6+ Qxc6 13. Nb3 O-O 14. Rfe1 b5 15. Re5 a5 16. Rg5 h6 17. Rg3 Nh7 18.
Nc5 b4 19. Qg4 Ng5 20. h4 g6 21. hxg5 h5 22. Qf4 bxc3 23. Rxc3 Qb5 24. Qf6 Qxb2 25.
Rac1 Rac8 26. Nxe6 Qxc1+ 27. Rxc1 fxe6 28. Kh2 Rxf6 29. Rxc8+ Kf7 30. gxf6 Kxf6 31. Rc5 1-0

[Event "Live Chess"]
[Site "Chess.com"]
[Date "2023.05.20"]
[Round "-"]
[White "toog"]
[Black "SaraTang"]
[Result "1-0"]
[WhiteElo "2635"]
[BlackElo "168"]
[TimeControl "300"]
[EndTime "9:31:50 PDT"]
[Termination "toog won by checkmate"]

1. e4 e5 2. Nf3 Nf6 3. Nxe5 Nxe4 4. Qe2 d6 5. Nf3 d5 6. d3 Qe7 7. dxe4 dxe4 8. Ng5 e3 9. Bxe3 f6 10. Nf3 h6 11. Nc3 g6 12. O-O-O Bg7 13. Nd5 Qe6 14. Nxc7+ Ke7 15. Bc5+ Kf7 16. Nxe6 Kg8 17. Nxg7 Kxg7 18. Qe7+ Kg8 19. Bc4+ Be6 20. Bxe6# 1-0

[Event "Live Chess"]
[Site "Chess.com"]
[Date "2023.05.20"]
[Round "-"]
[White "Greenbecker"]
[Black "Crowded_House"]
[Result "1/2-1/2"]
[WhiteElo "1703"]
[BlackElo "1678"]
[TimeControl "300"]
[EndTime "9:32:04 PDT"]
[Termination "Game drawn by agreement"]

1. e4 e6 2. d4 d5 3. exd5 exd5 4.
Bd3 Bd6 5. h3 Ne7 6. Nf3 Bf5 7.
O-O O-O 8. Bg5 f6 9. Bh4 Bxd3 10.
Qxd3 Ng6 11. Bg3 Bxg3 12. fxg3 Qd6 13. Nfd2 Nd7 14. Nc3 c6 15. Rae1 Rfe8 16. a3 Kf7 17. Nf3 Rxe1 18. Rxe1 Re8 19. Rxe8 Kxe8 20. Qe2+ Qe7 21.
Qxe7+ Kxe7 22. Kf2 Ndf8 23. h4 Ne6 24. Ke3 1/2-1/2

[Event "Live Chess"]
[Site "Chess.com"]
[Date "2023.05.20"]
[Round "-"]
[White "jusjoel"]
[Black "NAZRIZ1977"]
[Result "0-1"]
[WhiteElo "263"]
[BlackElo "2138"]
[TimeControl "300"]
[EndTime "9:32:08 PDT"]
[Termination "NAZRIZ1977 won by checkmate"]

1. d4 Nf6 2. Nc3 d5 3. Bf4 g6 4. e3 Bg7 5. Qf3 O-O 6. Bb5 c6 7. Ba4 c5 8. O-O-O Bg4 9. Qg3 Bxd1 10. Kxd1 Nh5 11. Qf3 Nxf4 12. Qxf4 c4 13. e4 a6 14. exd5 b5 15. Bxb5 axb5 16. Nxb5 Rxa2 17. b3 cxb3 18. cxb3 Qxd5 19. Qc7 Qxb5 20. Qxe7 Qd3+ 21. Kc1 Qc2# 0-1

[Event "Live Chess"]
[Site "Chess.com"]
[Date "2023.05.20"]
[Round "-"]
[White "bristolunichess"]
[Black "CocheseUK"]
[Result "1-0"]
[WhiteElo "1847"]
[BlackElo "1177"]
[TimeControl "300"]
[EndTime "9:32:08 PDT"]
[Termination "bristolunichess won by checkmate"]

1. d4 d5 2. c4 dxc4 3. Nc3 e6 4. e3 Nf6 5. Bxc4 Bb4 6. Nf3 Ne4 7. Qc2 Nxc3 8.
bxc3 Bd6 9. O-O O-O 10. e4 Nd7 11. e5 Be7 12. a4 Nb6 13. Ba2 c5 14. Bb1 cxd4 15.
Qxh7# 1-0

[Event "Live Chess"]
[Site "Chess.com"]
[Date "2023.05.20"]
[Round "-"]
[White "Leonid_Starozhilov"]
[Black "Driftboard"]
[Result "1-0"]
[WhiteElo "2666"]
[BlackElo "760"]
[TimeControl "300"]
[EndTime "9:32:12 PDT"]
[Termination "Leonid_Starozhilov won by checkmate"]

1. e4 e5 2. d4 exd4 3. Nf3 Nc6 4.
Bc4 Nf6 5. O-O Nxe4 6. Re1 d5 7.
Bxd5 Qxd5 8. Nc3 Qf5 9. Nxe4 Be6 10. Ng3 Qd5 11. c4 Qxc4 12. Bg5 Be7 13. Bxe7 Nxe7 14. Rc1 Qa6 15. Rxc7 O-O 16. Rxe7 Rfe8 17. Rxe8+ Rxe8 18. Nxd4 Qxa2 19. Nxe6 Rxe6 20. Qd8+ Re8 21. Qxe8# 1-0

[Event "Live Chess"]
[Site "Chess.com"]
[Date "2023.05.20"]
[Round "-"]
[White "yeetpizza74"]
[Black "Olisingapore"]
[Result "0-1"]
[WhiteElo "447"]
[BlackElo "1950"]
[TimeControl "300"]
[EndTime "9:32:18 PDT"]
[Termination "Olisingapore won by checkmate"]

1. e4 c5 2. d4 cxd4 3. Qxd4 Nc6 4. Qd1 g6 5. Nc3 Bg7 6. Nf3 e6 7. Bg5 Nge7 8. Bxe7 Qxe7 9. Bc4 Qb4 10. Nd2 Bxc3 11. a3 Bxd2+ 12. Qxd2 Qxc4 13. O-O-O Qa2 14. Qe1 O-O 15.
g4 Ne5 16. Qe2 Nc4 17. c3 d5 18. Kc2 Qxb2+ 19. Kd3 dxe4+ 20. Qxe4 Rd8+ 21. Kxc4 b5+ 22. Kc5 Qxc3+ 23. Kxb5 Rb8+ 24. Ka4 Bd7+ 25. Rxd7 Rxd7 26. Qe2 Qb3+ 27. Ka5 Qxa3# 0-1

[Event "Live Chess"]
[Site "Chess.com"]
[Date "2023.05.20"]
[Round "-"]
[White "MrDodgy"]
[Black "RedRook90"]
[Result "1-0"]
[WhiteElo "2325"]
[BlackElo "1966"]
[TimeControl "300"]
[EndTime "9:32:21 PDT"]
[Termination "MrDodgy won by resignation"]

1. d4 c6 2. c4 e6 3. e4 d5 4. Nc3 Bb4 5. cxd5 exd5 6. exd5 Qxd5 7. Nf3 Bg4 8. Be2 Nf6 9. O-O Bxc3 10. bxc3 O-O 11.
h3 Bh5 12. Re1 Nbd7 13. Ba3 Rfe8 14. c4 Qf5 15. Rb1 b6 16. Ne5 Nxe5 17. Bxh5 Nxc4 18. Bg4 Nxg4 19. hxg4 Rxe1+ 20. Qxe1 Qxg4 21. Bb4 Qxd4 22.
Bc3 Qd7 23. Rd1 Qe8 24. Qf1 b5 25. Qd3 h6 26. Qg3 f6 27. Bxf6 Qf7 28. Bc3 Rf8 29.
Rd4 Kh7 30. Rg4 g6 31. Rh4 Nb6 32. Rxh6+ 1-0

[Event "Live Chess"]
[Site "Chess.com"]
[Date "2023.05.20"]
[Round "-"]
[White "ethanredball"]
[Black "YrrriKharkiv"]
[Result "0-1"]
[WhiteElo "664"]
[BlackElo "2142"]
[TimeControl "300"]
[EndTime "9:32:23 PDT"]
[Termination "YrrriKharkiv won by resignation"]

1. e4 e6 2. Qf3 d5 3. exd5 exd5 4.
Bb5+ c6 5. Bd3 Nf6 6. Nc3 Nbd7 7. Bf5 Bd6 8. Bxd7+ Bxd7 9. Nge2 O-O 10. O-O Re8 11. Re1 b5 12. h3 b4 13. Nb1 c5 14. c3 Bc6 0-1

[Event "Live Chess"]
[Site "Chess.com"]
[Date "2023.05.20"]
[Round "-"]
[White "NatashaRegan"]
[Black "Zeraora719"]
[Result "1-0"]
[WhiteElo "1882"]
[BlackElo "1280"]
[TimeControl "300"]
[EndTime "9:32:24 PDT"]
[Termination "NatashaRegan won by checkmate"]

1. Nf3 d5 2. c4 dxc4 3. Na3 f6 4. g3 e5 5. Bg2 e4 6. Ng1 Bxa3 7. Qa4+ Bd7 8. Qxa3 Bg4 9. Bxe4 Qe7 10. Qxe7+ Kxe7 11. Bxb7 Bd7 12. Bxa8 c6 13. Nf3 g5 14. b3 cxb3 15. axb3 g4 16. Nd4 Kd8 17. Rxa7 f5 18. Bb2 c5 19. Rxd7+ Kxd7 20. Nxf5 Nf6 21. Bxf6 Rf8 22. Be5 Rg8 23. Bxb8 Rf8 24. Bd6 Rxa8 25. O-O Ra2 26. Bf4 Ke6 27. Nh6 Ra1 28. Rxa1 c4 29.
bxc4 Kf6 30. c5 Kg6 31. c6 Kh5 32. c7 Kg6 33. c8=Q Kh5 34. Qf5# 1-0